AoeStats
← jfdsago

Arabia

510715689Analyzed
1v1 RM · 23h ago on Oct 2, 2026· 33m 1s· 2 players
Game mode
Random Map
Map size
Tiny (2 player)
Population
200
Speed
Normal
Resources
Standard
Victory
Conquest
Starting age
Dark Age
Ending age
Imperial Age
RankedLock teamsTeams togetherTeam positionsShared explorationLock speedFull tech treeHidden civsTurbo modeCheats
Victory
Defeat
🇨🇳 Aztecs · China
821
+16
🇹🇼 Huns · Taiwan
824
-38
Black prince
0:50 Loom
10:34 Feudal Age
14:26 Horse Collar
15:39 Scale Mail Armor
18:08 Forging
21:54 Castle Age
22:32 Pikeman
22:35 Eagle Warrior
28:03 Redemption
32:28 Fervor
jfdsago
3:02 Loom
12:37 Feudal Age
16:39 Castle Age
14:57 Town Watch
18:28 Double-Bit Axe
21:10 Stone Mining
23:08 Gold Mining
26:58 Elite Skirmisher
27:42 Fletching
31:32 Bodkin Arrow
Connection lost

Rejoining the realm…

Still unreachable

The connection could not be restored.

Session expired

The server has moved on; the page needs a fresh start.